 Dungeon Crawl Stone Soup version 0.29-a0-275-g389c0b56f3 (webtiles) character file.

Game seed: 2024463057280550053

88 sammy202020 the Sneak (level 4, 0/30 HPs)
             Began as an Octopode Brigand on Mar 10, 2022.
             Killed from afar by Blork the orc (10 damage)
             ... with a magic dart
             ... on level 4 of the Dungeon.
             The game lasted 00:06:23 (2428 turns).

sammy202020 the Sneak (Octopode Brigand)            Turns: 2428, Time: 00:06:23

Health: 0/30       AC:  1    Str: 10    XL:     4   Next: 54%
Magic:  4/4        EV: 13    Int: 15    God:
Gold:   162        SH:  0    Dex: 19    Spells: 3/3 levels left

rFire   . . .      SeeInvis .   l - +1 dagger (venom)
rCold   . . .      Faith    .   (no shield)
rNeg    . . .      Spirit   .   (helmet restricted)
rPois   .          Reflect  .   (no amulet)
rElec   .          Harm     .   h - +6 ring of dexterity
rCorr   .          Rampage  .   (no ring)
Will    .....                   (no ring)
Stlth   ++++......              (no ring)
HPRegen 0.10/turn               (no ring)
MPRegen 0.09/turn               (no ring)
                                (no ring)
                                (no ring)

@: no status effects
A: almost no armour, amphibious, 8 rings, camouflage 1, gelatinous body 1,
(nimble swimmer 1), tentacles
a: no special abilities


You were on level 4 of the Dungeon.
You visited 1 branch of the dungeon, and saw 4 of its levels.

You collected 162 gold pieces.

Inventory:

Hand Weapons
 a - a +2 dagger
 l - a +1 dagger of venom (weapon)
Missiles
 b - 12 poisoned darts (quivered)
 c - 2 curare-tipped darts
 f - 6 silver boomerangs
Jewellery
 h - a +6 ring of dexterity (left tentacle)
Scrolls
 g - 2 scrolls of fog {unknown}
 k - 3 scrolls of teleportation
 m - 2 scrolls of fear {unknown}
 n - a scroll of identify {unknown}
Potions
 d - a potion of attraction {unknown}
 e - 3 potions of flight {unknown}
 i - 2 potions of might {unknown}
 j - a potion of degeneration {unknown}


   Skills:
 * Level 2.9 Fighting
 * Level 3.1 Short Blades
 - Level 2.0 Throwing
 * Level 2.1 Dodging
 + Level 5.8 Stealth


You had 3 spell levels left.
You didn't know any spells.
Your spell library contained the following spells:

 Spells                   Type           Power      Damage    Failure   Level
 Blade Hands              Tmut           0%         N/A       100%        5
 Irradiate                Conj/Tmut      0%         3d14      100%        5
 Dragon Form              Tmut           0%         N/A       100%        7


Dungeon Overview and Level Annotations

Branches:
Dungeon (4/15)
 Temple: D:4-7

Altars:
Qazlal
Xom

Annotations:
D:4 Blork the orc


Innate Abilities, Weirdness & Mutations

You cannot wear most types of armour.
You are amphibious.
You can wear up to eight rings at the same time.
Your skin changes colour to match your surroundings (Stealth+).
Your rubbery body absorbs attacks. (AC +1, EV +1)
((You are camouflaged when in or above water. (Stealth+)))
You have tentacles for arms and can constrict up to eight enemies at once.


Message History

There is a stormy altar of Qazlal here.
Done exploring.
Done exploring.
Done exploring.
No target in view!
Done exploring.
There is a stone staircase leading down here.
You climb downwards.
There is a stone staircase leading up here.
There is a stone staircase leading up here.
Blork the orc comes into view.
He is wielding a +0 long sword.
Blork the orc shouts!
Sorry, you're not good enough to have a special ability.
You closely miss Blork the orc. You grab Blork the orc.
You constrict Blork the orc. You hit Blork the orc.
Blork the orc is poisoned.
Blork the orc is lightly wounded.
You constrict Blork the orc, but do no damage.
Blork the orc hits you with a +0 long sword!
You hit Blork the orc.
Blork the orc looks as sick as possible!
You squeeze Blork the orc.
Blork the orc is lightly wounded.
You constrict Blork the orc.
Blork the orc screams, "You are the ugliest creature I've ever seen!"
Blork the orc casts a spell.
Blork the orc seems to speed up.
You hit Blork the orc but do no damage.
Blork the orc looks as sick as possible!
Blork the orc is moderately wounded.
You constrict Blork the orc.
Blork the orc hits you with a +0 long sword!
Sorry, you're not good enough to have a special ability.
Okay, then.
You hit Blork the orc.
Blork the orc is heavily wounded.
You constrict Blork the orc.
Blork the orc points at you and mumbles some strange words.
The magic dart hits you!
You die...

...... ...... ..##...
...... ..........
......# ........# .
....... ........# ###.
.......#####......##....
.......o..........+.....
#@#####.#...#.....
#.......+...+.....
#...###.#...#.....
........#......#<.....
......#.#.#..#.#...##.
......?#.#......+...+
.......#..##..#.#...#
.......#........#....
...........#..........


You could see Blork the orc (fast, extremely poisoned).

Vanquished Creatures
  2 adders
  A worm (D:2)
  2 dart slugs
  An orc (D:3)
  5 ball pythons
  7 bats
  4 endoplasms
  5 giant cockroaches
  10 goblins
  4 hobgoblins
  6 kobolds
  4 quokkas
  3 frilled lizards
  4 rats
58 creatures vanquished.

Notes
Turn   | Place    | Note
-------+----------+-------------------------------------------
     0 | D:1      | sammy202020 the Octopode Brigand began the quest for the
                  | Orb.
     0 | D:1      | Reached XP level 1. HP: 14/14 MP: 1/1
    96 | D:1      | Reached XP level 2. HP: 19/19 MP: 2/2
   504 | D:1      | Reached XP level 3. HP: 25/25 MP: 3/3
  1431 | D:2      | Reached XP level 4. HP: 28/30 MP: 4/4
  2060 | D:3      | Found a faded altar of an unknown god.
  2307 | D:3      | Found a stormy altar of Qazlal.
  2313 | D:3      | Found a shimmering altar of Xom.
  2421 | D:4      | Noticed Blork the orc
  2428 | D:4      | Killed from afar by Blork the orc

Illustrated notes

Levels and vault maps discovered:
D:1:      lightli_arrival_lavapool, layout_rooms, minmay_misc_feat_five
D:2:      minmay_razor_zed, layout_basic
D:3:      layout_rooms, mainiacjoe_overflow_catwalk_spiral,
          dreamdust_ecumenical_altar_statues, minmay_misc_feat_tiny
D:4:      layout_basic, lemuel_coloured_pillars_altar, nicolae_shop_clearance,
          uniq_duvessa, uniq_blork_the_orc

Skill      XL: |  1  2  3  4 |
---------------+-------------+-----
Dodging        | 2 |  2.1
Short Blades   | 3 |  3.1
Fighting       | |  2.9
Throwing       | |  2.0
Stealth        | |  5.8

Action                   |  1- 3 |  4- 6 || total
-------------------------+-------+-------++-------
Melee: Dagger            |    51 |    34 ||    85
       Tentacles         |     6 |     4 ||    10
       Constrict         |     4 |     6 ||    10
       Punch             |     1 |       ||     1
Throw: Dart              |    24 |       ||    24
       Boomerang         |     2 |       ||     2
  Use: Scroll            |     4 |       ||     4
 Stab: Sleeping          |    15 |     8 ||    23
       Distracted        |     1 |       ||     1
Armor: Skin              |       |     1 ||     1
Dodge: Dodged            |    14 |    17 ||    31

Table legend: (Time is in decaauts)
 A = Elapsed time spent in this place.
 B = Non-inter-level travel time spent in this place.
 C = Inter-level travel time spent in this place.
 D = Time resting spent in this place.
 E = Time spent auto-exploring this place.
 F = Levels seen in this place.
 G = Mean time per level.
                   A        B        C        D        E       F      G
               +--------+--------+--------+--------+--------+-----+--------+
         Total |   2413 |   2344 |     69 |      0 |   1788 |   4 |  603.2 |
       Dungeon |   2413 |   2344 |     69 |      0 |   1788 |   4 |  603.2 |
               +--------+--------+--------+--------+--------+-----+--------+

Top non-repeatable levels by time:
     D:2: 1272 daAuts
     D:1: 671 daAuts
     D:3: 450 daAuts
     D:4: 18 daAuts
